 Dungeon Crawl Stone Soup version 0.20.1-1-g8b1a95d (webtiles) character file.

1033 Romulous the Shield-Bearer (level 8, 67/67 HPs)
             Began as a Minotaur Fighter on Oct 18, 2017.
             Got out of the dungeon alive.
             The game lasted 00:27:03 (6114 turns).

Romulous the Shield-Bearer (Minotaur Fighter)       Turns: 6114, Time: 00:27:04

Health: 67/67      AC:  7    Str: 19    XL:     8   Next: 3%
Magic:  7/7        EV:  7    Int:  3    God:
Gold:   174        SH: 10    Dex: 13    Spells: 7/7 levels left

rFire    . . .     SeeInvis .   l - +3 short sword
rCold    . . .     Gourm    .   c - +0 shield
rNeg     . . .     Faith    .   y - +0 chain mail
rPois    +         Spirit   .   o - +1 hat
rElec    .         Reflect  .   (no cloak)
rCorr    .         Harm     .   (no gloves)
MR       .....                  (no boots)
Stlth    ..........             (no amulet)
Regen    0.3/turn               r - ring of poison resistance
MPRegen  0.1/turn               b - +3 ring of dexterity

@: no status effects
A: retaliatory headbutt, horns 2, deformed body, dopey 1, weak 2, MP-powered
wands
a: no special abilities


You escaped.
You were not hungry.

You visited 1 branch of the dungeon, and saw 5 of its levels.

You collected 174 gold pieces.

Inventory:

Hand Weapons
 a - a +0 war axe
 l - a +3 short sword (weapon)
Armour
 c - a +0 shield (worn)
 o - a +1 hat (worn)
 y - a +0 chain mail (worn)
 B - the +2 leather armour of Rehuky {Int+4}
   (You found it on level 4 of the Dungeon)

   It affects your intelligence (+4).
Jewellery
 b - a +3 ring of dexterity (right hand)
 r - a ring of poison resistance (left hand)
Scrolls
 h - 4 scrolls of remove curse
 k - 4 scrolls of amnesia
 m - a scroll of enchant weapon {unknown}
 n - 4 scrolls of fear
 p - a scroll of identify
 s - a scroll of noise {unknown}
 v - 2 scrolls of recharging
 x - a scroll of enchant armour {unknown}
Potions
 d - 3 potions of might
 e - 2 potions of mutation {unknown}
 g - 3 potions of haste {unknown}
 i - 3 potions of heal wounds {unknown}
 j - 6 potions of curing
 t - 2 potions of berserk rage {unknown}
 w - 2 potions of agility {unknown}
 C - a potion of flight {unknown}
Comestibles
 f - 3 bread rations
 q - a fruit
 u - a royal jelly
 z - a meat ration


   Skills:
 + Level 4.8 Fighting
 + Level 5.2 Short Blades
 + Level 2.6 Axes
 + Level 6.6 Armour
 + Level 3.1 Dodging
 + Level 0.8 Stealth
 + Level 6.6 Shields


You had 7 spell levels left.
You didn't know any spells.

Dungeon Overview and Level Annotations

Branches:
Dungeon (5/15)
 Temple: D:4-7

Altars:

Shops:
D:4 =


Innate Abilities, Weirdness & Mutations

You reflexively headbutt those who attack you in melee.
You have a pair of horns on your head.
Armour fits poorly on your strangely shaped body.
You are dopey. (Int -2)
You are very weak. (Str -4)
You expend magic power (3 MP) to strengthen your wands.


Message History

There is an escape hatch in the ceiling here.
A mysterious force pulls you upwards. The hatch slams shut behind you.
Items here: )) [[ a ring mail; a dagger of speed; a leather armour; a flail
There is an open door here.
All of the chunks of flesh in your inventory have rotted away.
There is a stone staircase leading up here.
You climb upwards.
There is a stone staircase leading down here.
You see here a mace.
There is a stone staircase leading up here.
You climb upwards.
There is a stone staircase leading down here.
There is a staircase leading out of the dungeon here.
Are you sure you want to leave the Dungeon?
This will make you lose the game!
Uppercase [Y]es or [N]o only, please.
Are you sure you want to leave the Dungeon?
This will make you lose the game!
Uppercase [Y]es or [N]o only, please.
Are you sure you want to leave the Dungeon?
This will make you lose the game!
You have escaped!

#...# ##.....## ##...#####
##.......##
.....'...###....#....######
.#...#.#.......#.#........#
.#...#........#...#.......#
.#...#...#####.....#####..#
#####..#..#...........#...#
#####.###..#.........#..#.##
#.....###..#....@....#...>.#
#.######..#...........#....# #.#
#.#####.....#####...# #.#
#......#...#........##### #.#
##......#.#.............# ..#
#####.......#..........###.# ..#
#......##...รท....#......##.#
..###......##........#.####.##.#
....'......##.###....#.# #.##.#


There were no monsters in sight!

Vanquished Creatures
  The ghost of mikkokoo the Covered, an amateur MiFi (D:4)
  An orc warrior (D:4)
  A sky beast (D:5)
  The ghost of mfyou the Shield-Bearer, an amateur MiFi of Zin (D:3)
  An ogre (D:4)
  A centaur (D:5)
  2 hounds
  An orc priest (D:4)
  An orc wizard (D:3)
  Ijyb (D:3)
  2 worker ants (D:4)
  A hound skeleton (D:4)
  4 adders
  2 oozes
  3 worms
  3 dart slugs
  2 leopard geckos
  18 orcs
  6 giant cockroaches
  8 goblins
  11 hobgoblins
  5 jackals
  2 quokkas
  2 ball pythons
  15 bats
  9 frilled lizards
  7 kobolds
  A quokka skeleton (D:5)
  6 rats
118 creatures vanquished.

Notes
Turn   | Place    | Note
-------+----------+-------------------------------------------
     0 | D:1      | Romulous the Minotaur Fighter began the quest for the Orb.
     0 | D:1      | Reached XP level 1. HP: 19/19 MP: 0/0
   242 | D:1      | Reached XP level 2. HP: 26/27 MP: 1/1
   774 | D:1      | Reached XP level 3. HP: 33/33 MP: 2/2
   931 | D:2      | Reached skill level 1 in Short Blades
  1077 | D:2      | Reached XP level 4. HP: 32/40 MP: 3/3
  1700 | D:3      | Reached skill level 1 in Dodging
  1828 | D:3      | Noticed mfyou's ghost (amateur MiFi)
  2141 | D:3      | Killed mfyou's ghost
  2141 | D:3      | Reached XP level 5. HP: 29/46 MP: 4/4
  2454 | D:3      | Noticed Ijyb
  2504 | D:3      | Killed Ijyb
  2504 | D:3      | Reached skill level 5 in Shields
  3262 | D:3      | Reached XP level 6. HP: 51/52 MP: 5/5
  3360 | D:4      | Reached skill level 5 in Armour
  3536 | D:4      | Noticed mikkokoo's ghost (amateur MiFi)
  3558 | D:4      | Killed mikkokoo's ghost
  3558 | D:4      | Reached XP level 7. HP: 7/60 MP: 6/6
  5074 | D:4      | Got a faintly glowing leather armour
  5085 | D:4      | Identified the +2 leather armour of Rehuky {Int+4} (You found it on level 4 of the Dungeon)
  5167 | D:4      | Found Cupu's Jewellery Shop.
  5483 | D:4      | HP: 3/60 [ogre/giant club (17)]
  5825 | D:5      | Entered Level 5 of the Dungeon
  5936 | D:5      | Reached skill level 5 in Short Blades
  5972 | D:5      | Reached XP level 8. HP: 60/67 MP: 7/7
  6005 | D:5      | Gained mutation: You are weak. (Str -2) [mutagenic meat]
  6006 | D:5      | Gained mutation: You are very weak. (Str -4) [mutagenic meat]
  6007 | D:5      | Gained mutation: You expend magic power (3 MP) to strengthen your wands. [mutagenic meat]
  6008 | D:5      | Gained mutation: You are dopey. (Int -2) [mutagenic meat]
  6011 | D:5      | Gained mutation: Armour fits poorly on your strangely shaped body. [mutagenic meat]
  6114 | D:$      | Got out of the dungeon alive.

Skill      XL: |  1  2  3  4  5  6  7 |
---------------+----------------------+-----
Shields        | 4 5 6 |  6.6
Armour         | 4 5 6 |  6.6
Fighting       | 4 |  4.8
Short Blades   | 1 2 3 5 |  5.2
Dodging        | 1 2 3 |  3.1
Axes           | |  2.6
Stealth        | |  0.8

Action                   |  1- 3 |  4- 6 |  7- 9 || total
-------------------------+-------+-------+-------++-------
Melee: War axe           |     9 |       |       ||     9
       Headbutt          |    10 |    45 |    17 ||    72
       Short sword       |    87 |   148 |    86 ||   321
  Use: Scroll            |       |       |     5 ||     5
  Eat: Chunk             |     1 |     3 |    11 ||    15
       Fruit             |       |     2 |       ||     2
       Bread ration      |       |     1 |       ||     1
Armor: Scale mail        |    44 |    79 |     1 ||   124
       Chain mail        |       |       |    18 ||    18
Dodge: Dodged            |    35 |    48 |    21 ||   104
Block: Shield            |    65 |   116 |    33 ||   214
